 Dungeon Crawl Stone Soup version 0.29.1-15-g9cfb28693d (webtiles) character file.

Game seed: 12038858296781540025

21 venomsnake the Digger (level 2, 0/15 HPs)
             Began as a Gargoyle Earth Elementalist on Mar 24, 2023.
             Slain by a kobold
             ... wielding a +0 dagger
              (3 damage)
             ... on level 2 of the Dungeon.
             The game lasted 00:03:49 (1571 turns).

venomsnake the Digger (Gargoyle Earth Elementalist) Turns: 1571, Time: 00:03:50

Health: 0/15       AC:  4    Str: 11    XL:     2   Next: 87%
Magic:  5/5        EV: 12    Int: 15    God:
Gold:   51         SH:  0    Dex: 10    Spells: 4/5 levels left

rFire   . . .      SeeInvis .   j - +0 dagger
rCold   . . .      Faith    .   (no shield)
rNeg    + . .      Spirit   .   a - +0 robe
rPois   ∞          Reflect  .   (no helmet)
rElec   +          Harm     .   (no cloak)
rCorr   .          Rampage  .   (no gloves)
Will    +....                   (no boots)
Stlth   ++........              (no amulet)
HPRegen 0.05/turn               b - ring of willpower
MPRegen 0.09/turn               (no ring)

@: no status effects
A: sickness immunity, AC +2, negative energy resistance 1, electricity
resistance, torment resistance 1, petrification resistance
a: no special abilities


You were on level 2 of the Dungeon.
You visited 1 branch of the dungeon, and saw 2 of its levels.

You collected 51 gold pieces.

Inventory:

Hand Weapons
 j - a +0 dagger (weapon)
Armour
 a - a +0 robe (worn)
Jewellery
 b - a ring of willpower (left hand)
 e - a +6 ring of strength
Scrolls
 d - a scroll of noise {unknown}
 g - a scroll of blinking {unknown}
 h - a scroll of silence {unknown}
 i - a scroll of vulnerability {unknown}
Potions
 c - a potion of brilliance {unknown}
 f - 2 potions of attraction {unknown}


   Skills:
 + Level 1.8 Dodging
 + Level 2.5 Stealth
 + Level 2.2 Spellcasting
 + Level 1.1 Transmutations
 + Level 3.9 Earth Magic


You had 4 spell levels left.
You knew the following spells:

 Your Spells              Type           Power      Damage    Failure   Level
a - Sandblast             Erth           26%        2d8       4%          1

Your spell library contained the following spells:

 Spells                   Type           Power      Damage    Failure   Level
 Passwall                 Tmut/Erth      7%         N/A       12%         2
 Summon Small Mammal      Summ           4%         N/A       22%         1
 Stone Arrow              Conj/Erth      14%        3d7       28%         3
 Call Canine Familiar     Summ           1%         N/A       54%         3
 Summon Guardian Golem    Hex/Summ       1%         N/A       54%         3
 Petrify                  Tmut/Erth      9%         N/A       58%         4


Dungeon Overview and Level Annotations

Branches:
Dungeon (2/15)

Altars:


Innate Abilities, Weirdness & Mutations

You are immune to sickness and miasma.
Your stone body is resilient. (AC +2)
You are immune to poison.
You resist negative energy. (rN+)
You are resistant to electric shocks. (rElec)
You are resistant to unholy torment.
You are immune to petrification.


Message History

You kill the goblin!
You hit the giant cockroach but do no damage.
The giant cockroach barely misses you.
You hit the kobold.
The kobold is heavily wounded.
The giant cockroach closely misses you. The giant cockroach barely misses you.
The kobold misses you.
The hobgoblin hits you but does no damage.
You barely miss the kobold.
The kobold is heavily wounded.
The giant cockroach bites you. The kobold misses you. The hobgoblin hits you.
You are too injured to fight recklessly!
You are too injured to fight recklessly!
You are too injured to fight recklessly!
You are too injured to fight recklessly!
You are too injured to fight recklessly!
You are too injured to fight recklessly!
You are too injured to fight recklessly!
You are too injured to fight recklessly!
You are too injured to fight recklessly!
You hit the giant cockroach but do no damage.
The giant cockroach misses you. The kobold barely misses you.
The hobgoblin closely misses you.
You hit the giant cockroach.
The giant cockroach is heavily wounded.
The quokka bites you. The giant cockroach bites you.
The hobgoblin closely misses you. The kobold closely misses you.
You hit the giant cockroach.
The giant cockroach is almost dead.
The quokka bites you. The giant cockroach closely misses you.
The kobold completely misses you.
The hobgoblin hits you but does no damage.
You hit the giant cockroach.
You kill the giant cockroach!
The quokka bites you.
* * * LOW HITPOINT WARNING * * *
The quokka bites you.
* * * LOW HITPOINT WARNING * * *
The kobold hits you with a +0 dagger.
You die...

.........#
###.#####.# ...
.......#.# ..
#.#.....# ..
#.......# .# #
#...#.#.# .# ##.#
#...#.#.####.#.....
#.....#....Kg......
#..)#.#####@)......
#...#.......r#.....
#...######...# ...
#...# #...# . #...#
#...# #...# #...#
....# #...# #...#
#...#


You could see a quokka, a hobgoblin and a kobold.

Vanquished Creatures
  5 ball pythons (D:1)
  3 endoplasms (D:1)
  2 giant cockroaches
  2 goblins
  A hobgoblin (D:1)
  A quokka (D:1)
  A frilled lizard (D:1)
  2 kobolds
  2 rats (D:1)
19 creatures vanquished.

Notes
Turn   | Place    | Note
-------+----------+-------------------------------------------
     0 | D:1      | venomsnake the Gargoyle Earth Elementalist began the quest
                  | for the Orb.
     0 | D:1      | Reached XP level 1. HP: 10/10 MP: 3/3
   424 | D:1      | Reached skill level 1 in Transmutations
   424 | D:1      | Reached XP level 2. HP: 15/15 MP: 0/5
  1065 | D:1      | Found a faded altar of an unknown god.
  1571 | D:2      | Slain by a kobold

Illustrated notes

Levels and vault maps discovered:
D:1:      lemuel_arrival_room, layout_basic,
          hellmonk_ecumenical_altar_prayer_group
D:2:      layout_basic, grunt_ministairs_2, uniq_natasha, uniq_sigmund

Skill      XL: |  1 |
---------------+----+-----
Transmutations | 1 |  1.1
Dodging        | |  1.8
Stealth        | |  2.5
Spellcasting   | |  2.2
Earth Magic    | |  3.9

Action                   || total
-------------------------++-------
Melee: Dagger            ||    22
       Unarmed           ||     7
 Cast: Sandblast         ||    21
  Use: Potion            ||     1
Armor: Robe              ||    24
Dodge: Dodged            ||    40
